 Dungeon Crawl Stone Soup version 0.29.1-15-g9cfb28693d (webtiles) character file.

Game seed: 6195660021917573069

115 Groucho the Digger (level 4, -2/24 HPs)
             Began as a Deep Elf Earth Elementalist on Apr 7, 2023.
             Was an Initiate of Hepliaklqana.
             Slain by an iron imp (8 damage)
             ... summoned by Natasha
             ... on level 3 of the Dungeon.
             The game lasted 00:04:07 (2098 turns).

Groucho the Digger (Deep Elf Earth Elementalist)    Turns: 2098, Time: 00:04:08

Health: -2/24      AC:  3    Str:  7    XL:     4   Next: 68%
Magic:  5/12       EV: 13    Int: 20    God:    Hepliaklqana [......]
Gold:   193        SH:  0    Dex: 15    Spells: 7/11 levels left

rFire   . . .      SeeInvis .   c - +0 spear
rCold   . . .      Faith    .   (no shield)
rNeg    . . .      Spirit   .   a - +0 robe
rPois   .          Reflect  .   (no helmet)
rElec   .          Harm     .   (no cloak)
rCorr   .          Rampage  .   k - +0 pair of gloves
Will    .....                   (no boots)
Stlth   ++........              (no amulet)
HPRegen 0.08/turn               (no ring)
MPRegen 0.13/turn               (no ring)

@: very slightly contaminated, slowed, very slow
A: no striking features
a: Renounce Religion


You were on level 3 of the Dungeon.
You worshipped Hepliaklqana.
Hepliaklqana was noncommittal.
You visited 1 branch of the dungeon, and saw 3 of its levels.

You collected 193 gold pieces.

Inventory:

Hand Weapons
 c - a +0 spear (weapon)
Armour
 a - a +0 robe (worn)
 k - a +0 pair of gloves (worn)
Jewellery
 m - a ring of poison resistance
Scrolls
 d - a scroll of blinking {unknown}
 g - 2 scrolls of acquirement {unknown}
 h - a scroll of vulnerability {unknown}
 i - a scroll of brand weapon {unknown}
 l - a scroll of identify {unknown}
 n - a scroll of immolation {unknown}
 o - a scroll of enchant weapon {unknown}
Potions
 b - a potion of magic
 e - 2 potions of mutation {unknown}
 f - a potion of heal wounds {unknown}
 j - a potion of curing {unknown}


   Skills:
 + Level 3.1 Dodging
 + Level 3.0 Stealth
 + Level 4.2 Spellcasting
 - Level 1.1 Transmutations
 * Level 4.8 Earth Magic


You had 7 spell levels left.
You knew the following spells:

 Your Spells              Type           Power      Damage    Failure   Level
a - Sandblast             Erth           46%        2d11      1%          1
b - Stone Arrow           Conj/Erth      28%        3d8       14%         3

Your spell library contained the following spells:

 Spells                   Type           Power      Damage    Failure   Level
 Passwall                 Tmut/Erth      13%        N/A       5%          2
 Petrify                  Tmut/Erth      16%        N/A       36%         4


Dungeon Overview and Level Annotations

Branches:
Dungeon (3/15)

Altars:
Fedhas
Hepliaklqana
Kikubaaqudgha
Qazlal
Zin

Annotations:
D:3 Natasha


Message History

You can't see any susceptible monsters within range! (Use Z to cast anyway.)
The blast of sand hits Natasha!
Natasha is heavily wounded.
You hear a bark!
You hear a zap.
You hear a grinding noise.
The jackal barks!
A jackal comes into view.
The blast of sand hits Natasha.
Natasha is severely wounded.
The blast of sand hits Natasha.
Natasha is almost dead.
Natasha casts a spell at you.
You feel yourself slow down.
Natasha casts a spell.
The jackal barely misses you.
You miscast Sandblast.
You are very lightly contaminated with residual magic.
Nothing appears to happen.
The jackal bites you. The jackal misses you.
The jackal bites you but does no damage.
The jackal misses you.
Natasha mumbles some strange words.
The blast of sand hits the jackal!
You kill the jackal!
The jackal barely misses you. x2; Natasha zaps a wand.
Some rock shatters into small pieces.
The now-empty wand crumbles to dust.
The jackal bites you but does no damage.
The iron imp hits you.
The blast of sand hits the iron imp.
The iron imp is lightly wounded.
The jackal closely misses you.
Natasha mumbles some strange words.
The jackal closely misses you. The iron imp closely misses you. x2
The jackal bites you.
The blast of sand hits the iron imp.
The iron imp is lightly wounded.
The jackal closely misses you. The iron imp hits you.
The jackal completely misses you. The iron imp misses you.
The iron imp hits you!
* * * LOW HITPOINT WARNING * * *
The jackal bites you but does no damage.
The iron imp hits you!
You die...

### #....... .#
##......# #.##
#### .'......#
....# #...
#......##...#
#...
#......#5...
#...
#..!......#
#...
###....55hh.#
#.##
........@## .#
..###..........
.. #..#.'.....
.. #.#.##......
#.##.# ......
..# #'##.....#
##+ #...#...(#
#...#....#
#...#....#


You could see 2 iron imps, Natasha, a crimson imp (summoned) and a jackal.

Vanquished Creatures
  Natasha (D:3)
  3 adders
  An orc (D:3)
  8 ball pythons
  4 endoplasms
  A giant cockroach (D:1)
  7 goblins
  4 hobgoblins
  9 jackals
  4 quokkas
  7 bats
  4 frilled lizards
  A kobold (D:1)
  3 rats
57 creatures vanquished.

Notes
Turn   | Place    | Note
-------+----------+-------------------------------------------
     0 | D:1      | Groucho the Deep Elf Earth Elementalist began the quest for
                  | the Orb.
     0 | D:1      | Reached XP level 1. HP: 10/10 MP: 6/6
    97 | D:1      | Reached XP level 2. HP: 15/15 MP: 2/8
   518 | D:1      | Reached XP level 3. HP: 19/19 MP: 7/9
  1394 | D:3      | Reached XP level 4. HP: 24/24 MP: 10/12
  1398 | D:3      | Learned a level 3 spell: Stone Arrow
  1506 | D:3      | Noticed Natasha
  1509 | D:3      | Killed Natasha
  1911 | D:3      | Found a blossoming altar of Fedhas.
  1920 | D:3      | Found a glowing silver altar of Zin.
  1923 | D:3      | Found an ancient bone altar of Kikubaaqudgha.
  1923 | D:3      | Found a hazy altar of Hepliaklqana.
  1931 | D:3      | Found a stormy altar of Qazlal.
  1933 | D:3      | Became a worshipper of Hepliaklqana the Forgotten
  2089 | D:3      | Noticed Natasha
  2098 | D:3      | Slain by an iron imp

Illustrated notes

Levels and vault maps discovered:
D:1:      minmay_arrival_jagged, layout_basic, st_stairs_14, serial_park_tiny_1
D:2:      layout_rooms, lemuel_flame_loot_1
D:3:      layout_basic, nicolae_overflow_hallway_of_the_gods,
          shapermc_ecumenical_altar_flowoftime, serial_park_tiny_pond,
          uniq_natasha

Skill      XL: |  1  2  3  4 |
---------------+-------------+-----
Earth Magic    | 4 |  4.8
Spellcasting   | 4 |  4.2
Dodging        | 3 |  3.1
Stealth        | 3 |  3.0
Transmutations | |  1.1

Action                   |  1- 3 |  4- 6 || total
-------------------------+-------+-------++-------
Melee: Unarmed           |     1 |       ||     1
       Spear             |     5 |     2 ||     7
 Cast: Sandblast         |    51 |    19 ||    70
 Stab: Sleeping          |     1 |     1 ||     2
Armor: Robe              |     2 |     4 ||     6
Dodge: Dodged            |    14 |    14 ||    28
